 Dungeon Crawl Stone Soup version 0.19.0-2-gae57169 (webtiles) character file.

4411 Gargoyl the Covered (level 10, -4/77 HPs)
             Began as a Demonspawn Abyssal Knight on Nov 4, 2016.
             Was a High Priest of Lugonu.
             Slain by Jerry's ghost (19 damage)
             ... on level 9 of the Dungeon on Nov 5, 2016.
             The game lasted 00:20:10 (10929 turns).

Gargoyl the Covered (Demonspawn Abyssal Knight)    Turns: 10929, Time: 00:20:10

Health: -4/77      AC: 15    Str: 13    XL:     10   Next: 14%
Magic:  15/15      EV:  8    Int: 14    God:    Lugonu [*****.]
Gold:   577        SH:  8    Dex: 13    Spells: 0 memorised, 9 levels left

rFire  + . .     SeeInvis .     n - +4 war axe
rCold  + . .     Gourm    .     e - +4 scale mail {rC+}
rNeg   . . .     Faith    .     F - +0 shield
rPois  +         Spirit   .     (helmet restricted)
rElec  .         Reflect  .     (no cloak)
rCorr  +         Harm     .     (no gloves)
MR     .....     Clarity  +     p - +0 pair of boots
Stlth  ..........               (no amulet)
                                j - ring of resist corrosion
                                f - ring of poison resistance

@: no status effects
A: antennae 2, icy blue scales 1, blurry vision 2, clarity, demonic guardian 2,
fire resistance 1, weak 1, MP-powered wands
a: Depart the Abyss, Bend Space, Banish, Corrupt, Enter the Abyss, Renounce
Religion


You were on level 9 of the Dungeon.
You worshipped Lugonu.
Lugonu was extremely pleased with you.
You were not hungry.

You visited 1 branch of the dungeon, and saw 9 of its levels.
You visited the Abyss 1 time.
You also visited: Sewer.

You collected 577 gold pieces.

Inventory:

Hand Weapons
 a - a +2 hand axe
 n - a +4 war axe (weapon)
 E - a +3 hand axe of flaming
Missiles
 o - 11 tomahawks (quivered)
Armour
 e - a +4 scale mail of cold resistance (worn)
 p - a +0 pair of boots (worn)
 F - a +0 shield (worn)
Jewellery
 f - a ring of poison resistance (left hand)
 j - a ring of resist corrosion (right hand)
Wands
 b - a wand of paralysis (14/24)
 g - a wand of acid (6/15)
 x - a wand of polymorph (10/24)
 y - a wand of random effects (27/48)
 D - a wand of enslavement (14/24)
Scrolls
 d - 8 scrolls of identify
 m - a scroll of blinking
 u - 4 scrolls of remove curse
 w - a scroll of teleportation
 B - a scroll of fog
 G - a scroll of magic mapping
Potions
 h - a potion of curing
 k - 4 potions of brilliance
 r - 4 potions of flight
Comestibles
 c - 6 bread rations
 i - 2 slices of pizza
 s - 2 meat rations
 v - 2 fruits
 C - 6 beef jerkies


   Skills:
 + Level 6.3 Fighting
 + Level 7.2 Axes
 + Level 0.5 Throwing
 * Level 7.9 Armour
 + Level 3.6 Dodging
 + Level 2.4 Shields
 * Level 7.7 Invocations


You had 9 spell levels left.
You didn't know any spells.

Dungeon Overview and Level Annotations

Branches:
Dungeon (9/15)             Temple (0/1) D:6            Lair (0/6) D:8
    Orc: D:9-12

Altars:
Fedhas
Gozag
Okawaru

Annotations:
D:9 Jerry's ghost, novice MiBe


Innate Abilities, Weirdness & Mutations

You have a pair of antennae on your head.
You are partially covered in icy blue scales. (AC +2)
A demonic guardian rushes to your aid.
Your flesh is heat resistant. (rF+)
Scrolls take you longer to read.
You possess an exceptional clarity of mind.
You are weak. (Str -2)
You expend magic power (3 MP) to strengthen your wands.


Message History

Jerry's ghost hits you but does no damage.
Your soul eater hits Jerry's ghost but does no damage.
Jerry's ghost hits you!
* * * LOW HITPOINT WARNING * * *
Jerry's ghost freezes you.
* * * LOW HITPOINT WARNING * * *
You feel better.
Your soul eater hits Jerry's ghost.
Jerry's ghost hits you!
* * * LOW HITPOINT WARNING * * *
Jerry's ghost freezes you.
* * * LOW HITPOINT WARNING * * *
You feel better.
Your soul eater closely misses Jerry's ghost.
Jerry's ghost says, "Try not to bleed too much."
Jerry's ghost hits you but does no damage.
You closely miss Jerry's ghost.
Jerry's ghost is severely damaged.
Your soul eater closely misses Jerry's ghost.
Jerry's ghost mumbles, "They all look like pillowcases to me..."
Jerry's ghost hits you!!
You die...

#.#.# # #.#.#
#.#...# .
#.#...#
#.#......
........#######
#....3.=!...#
#..%W@...#
#....<.#.#
...............
.<.....)...##.#
...........#
........#.##
........#.#
####+#....#
######


You could see Jerry's ghost and a friendly soul eater.

Vanquished Creatures
  A vampire (D:7)
  2 hungry ghosts (D:7)
  An ice beast (D:8)
  3 orc warriors
  2 sky beasts
  A slave (D:8)
  A phantom (D:8)
  A necrophage (D:8)
  2 centaurs
  3 ogres
  A crocodile (D:8)
  A bullfrog (D:6)
  2 gnoll sergeants
  A water moccasin zombie (D:8)
  4 scorpions
  2 killer bees (D:8)
  2 crimson imps (D:5)
  2 hounds (D:4)
  A jelly (D:7)
  2 bullfrog skeletons (D:6)
  A gnoll shaman (D:4)
  4 orc priests
  2 iguanas
  Ijyb (D:3)
  Natasha (twice) (D:3)
  An orc wizard (D:8)
  4 worker ants
  A killer bee zombie (D:8)
  2 hound zombies (D:6)
  2 worker ant zombies
  13 gnolls
  8 adders
  9 river rats
  A shadow imp (D:6)
  5 oozes
  4 worms
  2 dart slugs
  7 leopard geckos
  20 orcs
  8 ball pythons
  18 bats
  6 giant cockroaches
  5 goblins
  7 hobgoblins
  6 jackals
  2 quokkas
  7 frilled lizards
  22 kobolds
  2 leopard gecko skeletons
  2 leopard gecko zombies
  30 rats
  A fungus (D:8)
240 creatures vanquished.

Vanquished Creatures (collateral kills)
  The ghost of Kloppie the Carver, a novice DsBe of Trog (D:7)
  Pikel (D:8)
  Joseph (D:7)
  A two-headed ogre (D:9)
  A hippogriff (D:7)
  The ghost of Findor the Firebug, an amateur DEFE (D:3)
  An ogre (D:4)
  A big kobold (Sewer)
  2 killer bees (D:8)
  An orc priest (D:8)
  An orc wizard (D:4)
  Natasha (D:3)
  A worker ant (D:4)
  2 gnolls (D:4)
  2 river rats (D:8)
  An orc (D:8)
  A giant cockroach (D:4)
  A kobold (Sewer)
  A rat (D:8)
22 creatures vanquished.

Vanquished Creatures (others)
  3 slaves (D:8)
  A gnoll (D:8)
  A river rat (D:8)
  5 bats (D:8)
  A rat (D:8)
  15 fungi (D:8)
  4 plants (D:8)
30 creatures vanquished.

Grand Total: 292 creatures vanquished

Notes
Turn   | Place    | Note
-------+----------+-------------------------------------------
     0 | Abyss:1  | Gargoyl the Demonspawn Abyssal Knight began the quest for the Orb.
     0 | Abyss:1  | Reached XP level 1. HP: 18/18 MP: 2/2
   119 | Abyss:2  | Noticed a harpy simulacrum
   119 | Abyss:2  | Noticed a large abomination
   121 | D:1      | Escaped the Abyss
   269 | D:1      | Reached skill level 1 in Dodging
   450 | D:1      | Gained mutation: Your flesh is heat resistant. (rF+) [demonic ancestry]
   450 | D:1      | Reached XP level 2. HP: 24/24 MP: 3/3
   465 | D:1      | Reached * piety under Lugonu
   726 | D:1      | Gained mutation: A weak demonic guardian rushes to your aid. [demonic ancestry]
   726 | D:1      | Reached XP level 3. HP: 29/29 MP: 5/5
  1572 | D:2      | Reached ** piety under Lugonu
  1610 | D:2      | Reached XP level 4. HP: 24/35 MP: 6/6
  1967 | D:3      | Noticed Findor's ghost (amateur DEFE)
  1996 | D:3      | Killed Findor's ghost
  2076 | D:3      | Noticed Natasha
  2085 | D:3      | Killed Natasha
  2085 | D:3      | Gained mutation: A demonic guardian rushes to your aid. [demonic ancestry]
  2085 | D:3      | Reached XP level 5. HP: 34/42 MP: 7/7
  2204 | D:3      | Noticed Ijyb
  2215 | D:3      | Killed Ijyb
  2552 | D:3      | Found a faded altar of an unknown god.
  2773 | D:3      | Noticed Natasha
  2785 | D:3      | Killed Natasha
  2900 | D:3      | Noticed Natasha
  2917 | D:3      | Killed Natasha
  2917 | D:3      | Reached XP level 6. HP: 16/48 MP: 8/8
  3573 | D:4      | Found a glowing drain.
  3615 | Sewer    | Entered a sewer
  3789 | Sewer    | Reached *** piety under Lugonu
  4102 | Sewer    | Reached XP level 7. HP: 45/54 MP: 10/10
  4496 | D:4      | Found a blossoming altar of Fedhas.
  4496 | D:4      | Found an iron altar of Okawaru.
  4496 | D:4      | Found an opulent altar of Gozag.
  4629 | D:4      | Reached **** piety under Lugonu
  5057 | D:4      | Reached skill level 5 in Armour
  5092 | D:4      | Reached skill level 5 in Invocations
  5333 | D:5      | Entered Level 5 of the Dungeon
  5416 | D:5      | Gained mutation: You have a pair of small antennae on your head. [demonic ancestry]
  5416 | D:5      | Reached XP level 8. HP: 55/61 MP: 11/11
  6778 | D:6      | Found a staircase to the Ecumenical Temple.
  6806 | D:6      | Reached skill level 5 in Fighting
  6806 | D:6      | Reached skill level 5 in Axes
  6813 | D:6      | Gained mutation: You expend magic power (3 MP) to strengthen your wands. [mutagenic meat]
  6814 | D:6      | Gained mutation: You are weak. (Str -2) [mutagenic meat]
  7536 | D:7      | Noticed Kloppie's ghost (novice DsBe)
  7548 | D:7      | Killed Kloppie's ghost
  7582 | D:7      | Reached skill level 1 in Shields
  7605 | D:7      | Gained mutation: You are partially covered in icy blue scales. (AC +2) [demonic ancestry]
  7605 | D:7      | Reached XP level 9. HP: 60/68 MP: 13/13
  7804 | D:7      | HP: 1/68 [vampire (6)]
  8136 | D:7      | Noticed Joseph
  8142 | D:7      | Killed Joseph
  9858 | D:8      | Noticed Pikel
  9883 | D:8      | Killed Pikel
  9901 | D:8      | Reached ***** piety under Lugonu
 10284 | D:8      | Got a fine rapier
 10285 | D:8      | Identified the +4 rapier of Juezicie {pierce, +Blink rN+ Int+2} (You found it on level 8 of the Dungeon)
 10312 | D:8      | Found a staircase to the Lair.
 10522 | D:8      | Gained mutation: You have a pair of antennae on your head. [demonic ancestry]
 10522 | D:8      | Reached XP level 10. HP: 64/77 MP: 15/15
 10544 | D:8      | Gained mutation: Scrolls take you a little longer to read. [potion of mutation]
 10544 | D:8      | Gained mutation: You possess an exceptional clarity of mind. [potion of mutation]
 10544 | D:8      | Gained mutation: Scrolls take you longer to read. [potion of mutation]
 10915 | D:9      | Noticed Jerry's ghost (novice MiBe)
 10929 | D:9      | Slain by Jerry's ghost

Skill      XL: |  1  2  3  4  5  6  7  8  9 10 |
---------------+-------------------------------+-----
Dodging        | 1 2 3 |  3.6
Armour         | 2 3 4 5 6 7 |  7.9
Axes           | 2 3 4 5 6 7 |  7.2
Invocations    | 3 4 5 6 7 |  7.7
Fighting       | 4 5 6 |  6.3
Shields        | 1 2 |  2.4
Throwing       | |  0.5

Action                   |  1- 3 |  4- 6 |  7- 9 | 10-12 || total
-------------------------+-------+-------+-------+-------++-------
Melee: Hand axe          |   148 |   327 |   409 |       ||   884
       War axe           |       |       |   121 |    54 ||   175
Throw: Tomahawk          |       |       |     3 |       ||     3
Invok: Depart the Abyss  |     1 |       |       |       ||     1
  Use: Scroll            |       |     4 |    15 |       ||    19
       Potion            |       |       |    24 |     4 ||    28
  Eat: Chunk             |     2 |     9 |    20 |     2 ||    33
       Bread ration      |       |       |     2 |       ||     2
       Meat ration       |       |       |     1 |       ||     1
Armor: Scale mail        |   113 |   253 |   310 |    25 ||   701
Dodge: Dodged            |    95 |   256 |   223 |    19 ||   593
Block: Shield            |       |       |   138 |    19 ||   157
